 Dungeon Crawl Stone Soup version 0.23.2-30-g0e89c35649 (webtiles) character file.

Game seed: 5030063011697031198

3321 troglodite the Conjurer (level 9, 0/64 HPs)
             Began as a Purple Draconian Conjurer on June 20, 2019.
             Was a Follower of Hepliaklqana.
             Slain by a hornet (4 damage)
             ... on level 8 of the Dungeon.
             The game lasted 00:36:01 (8844 turns).

troglodite the Conjurer (Purple Draconian Conjurer) Turns: 8844, Time: 00:36:02

Health: 0/64       AC: 11    Str: 12    XL:     9   Next: 71%
Magic:  9/28       EV: 13    Int: 21    God:    Hepliaklqana [*.....]
Gold:   213        SH:  0    Dex: 11    Spells: 1/22 levels left

rFire    . . .     SeeInvis .   l - staff of earth (curse)
rCold    . . .     Gourm    .   (no shield)
rNeg     . . .     Faith    .   (armour unavailable)
rPois    .         Spirit   .   z - +1 hat {Int+3}
rElec    .         Reflect  .   i - +2 cloak
rCorr    .         Harm     .   (no gloves)
MR       ++...                  (no boots)
Stlth    ++........             (no amulet)
HPRegen  0.20/turn              g - ring of protection from magic
MPRegen  0.21/turn              s - ring of magical power

@: lethally poisoned (0 -> -7), slowed, very slow
A: breathe power, unfitting armour, reduced essence, cold-blooded, AC +7
a: Breathe Dispelling Energy, Recall Ancestor, Ancestor Identity, Renounce
Religion


You were on level 8 of the Dungeon.
You worshipped Hepliaklqana.
Hepliaklqana was aware of your devotion.
You were hungry.

You visited 2 branches of the dungeon, and saw 9 of its levels.

You collected 381 gold pieces.
You spent 168 gold pieces at shops.

Inventory:

Hand Weapons
 A - the +4 falchion of Midnight {flame, Stlth+, unknown}
   (You bought it in a shop on level 8 of the Dungeon)

   It has been specially enchanted to burn those struck by it, causing extra
   injury to most foes and up to half again as much damage against particularly
   susceptible opponents.
   Big, fiery blades are also staple armaments of hydra-hunters.
   It makes you more stealthy.
Armour
 i - a +2 cloak (worn)
 z - a +1 hat of intelligence (worn)
Magical Staves
 l - a cursed staff of earth (weapon)
Jewellery
 g - a ring of protection from magic (left hand)
 m - an uncursed ring of stealth
 s - a ring of magical power (right hand)
 x - an uncursed ring of see invisible
Wands
 f - a wand of iceblast (4)
 u - a wand of flame (2)
 C - a wand of disintegration (15)
 E - a wand of acid (6)
Scrolls
 a - 4 scrolls of noise
 c - 9 scrolls of identify {unknown}
 j - 3 scrolls of remove curse {unknown}
 k - a scroll of fear {unknown}
 p - 2 scrolls of enchant weapon {unknown}
 v - a scroll of amnesia {unknown}
 w - a scroll of magic mapping {unknown}
 y - a scroll of fog {unknown}
 B - 7 scrolls of teleportation {unknown}
 D - a scroll of enchant armour {unknown}
Potions
 d - 2 potions of ambrosia {unknown}
 e - a potion of haste {unknown}
 h - 2 potions of curing
 n - a potion of berserk rage {unknown}
 o - a potion of mutation {unknown}
 q - 3 potions of agility {unknown}
 r - a potion of might {unknown}
 t - a potion of lignification {unknown}
Comestibles
 b - 14 rations


   Skills:
 * Level 4.6 Fighting
 + Level 3.2 Staves
 + Level 3.6 Dodging
 + Level 3.3 Stealth
 * Level 7.2 Spellcasting
 * Level 7.6 Conjurations
 * Level 4.1 Hexes
 * Level 0.4 Summonings
 * Level 3.2 Translocations
 * Level 0.3 Fire Magic
 * Level 3.5 Invocations
 * Level 3.7 Evocations


You had one spell level left.
You knew the following spells:

 Your Spells              Type           Power        Failure   Level  Hunger
a - Magic Dart            Conj           ####         1%          1    None
b - Searing Ray           Conj           #####.       1%          2    None
c - Fulminant Prism       Conj/Hex       ####......   8%          4    ###....
d - Iskenderun's Mystic   Conj           #####...     3%          4    ###....
e - Force Lance           Conj/Tloc      ####....     9%          4    ###....
f - Fireball              Conj/Fire      ###.......   43%         5    #####..
g - Summon Small Mammal   Summ           #...         8%          1    None

Your spell library contained the following spells:

 Spells                   Type           Power        Failure   Level  Hunger
 Shock                    Conj/Air       ###.         1%          1    None
 Dazzling Spray           Conj/Hex       ####..       2%          3    None
 Ignite Poison            Fire/Tmut/Pois #.......     24%         3    None
 Summon Ice Beast         Ice/Summ       #.......     61%         4    ###....
 Summon Demon             Summ           #.........   90%         5    #####..
 Bolt of Fire             Conj/Fire      ###.......   95%         6    ######.
 Freezing Cloud           Conj/Ice/Air   ###.......   99%         6    ######.
 Ring of Flames           Chrm/Fire      #.........   100%        7    #######
 Ignition                 Fire           #.........   100%        8    #######


Dungeon Overview and Level Annotations

Branches:
Dungeon (8/15)             Temple (1/1) D:4
   Lair: D:8-11

Altars:
Ashenzari
Cheibriados
Dithmenos
Elyvilon
Fedhas
Gozag
Hepliaklqana
Kikubaaqudgha
Makhleb
Nemelex Xobeh
Okawaru
Qazlal
Ru
Sif Muna
Trog
Uskayaw
Vehumet
Wu Jian
Xom
Yredelemnul
Zin
The Shining One

Shops:
D:8 (

Annotations:
D:3 3 runed translucent doors, Aldia's ghost, amateur MfSk


Innate Abilities, Weirdness & Mutations

You can breathe bolts of dispelling energy.
Your rich purple scales are hard. (AC +7)
You cannot fit into any form of body armour.
You are cold-blooded and may be slowed by cold attacks.
Your life essence is reduced to manifest your ancestor. (-10% HP)


Message History

A bullfrog comes into view.
The hornet misses you.
The howler monkey hoots and howls with incredible vigour!
The hornet stings you.
* * * LOW HITPOINT WARNING * * *
You are poisoned.
You feel as though you will be slow longer.
The howler monkey closely misses you.
You hear an angry buzzing noise. x5; You hear an angry hiss.
You hear a shout! x2
As you read the scroll labeled FIASTE LEAJUA, it crumbles to dust.
You hear a loud clanging noise!
It was a scroll of noise.
You feel sick.
You hear an angry buzzing noise. x4; You hear a shout! x2
The hornet stings you!
* * * LOW HITPOINT WARNING * * *
You feel as though you will be slow longer.
The bullfrog misses you.
The howler monkey hits you but does no damage.
The hornet stings you.
You die...

...........##..#......#
...............#......#
........[........#
#................##
##..#.............#
#..####.......#.....#
.... #.....###.####.##..
............#..h###.....
........###.R@yG..#.
........##..F##y.....
.......###..## ..#..
#..# ... ....# ...
...... .. ....... .
....?..


You could see the friendly Tlaloc the ancestor, an eye of draining, a hornet, a
bullfrog, a howler monkey and a killer bee.

Vanquished Creatures
  Pikel (D:6)
  A hippogriff (D:7)
  Eustachio (D:6)
  An ice beast (D:6)
  4 slaves
  2 orc warriors
  A phantom (D:6)
  A sky beast (D:6)
  6 ogres
  A centaur (D:5)
  A necrophage (D:7)
  2 bullfrogs
  2 scorpions
  4 wights (D:4)
  3 killer bees (D:7)
  A howler monkey (D:8)
  5 crimson imps
  A bullfrog zombie (D:5)
  3 orc priests
  2 hounds
  2 orc wizards
  A centaur skeleton (D:4)
  2 iguanas
  2 worker ants
  A hound skeleton (D:5)
  9 adders
  A shadow imp (D:5)
  3 oozes (D:2)
  An adder skeleton (D:7)
  A worm (D:4)
  A dart slug (D:1)
  5 leopard geckos
  22 orcs
  3 giant cockroaches
  11 goblins
  6 hobgoblins
  6 jackals
  A quokka (D:6)
  3 ball pythons
  7 bats
  5 frilled lizards
  A jackal skeleton (D:4)
  10 kobolds
  A quokka skeleton (D:7)
  9 rats
157 creatures vanquished.

Vanquished Creatures (collateral kills)
  A centaur skeleton (D:4)
  An iguana (D:7)
  A worker ant (D:4)
  A hound zombie (D:6)
  A howler monkey skeleton (D:7)
  A leopard gecko (D:5)
  6 orcs
12 creatures vanquished.

Vanquished Creatures (others)
  7 ancestors
  A fungus (D:3)
  2 plants (D:3)
10 creatures vanquished.

Grand Total: 179 creatures vanquished

Notes
Turn   | Place    | Note
-------+----------+-------------------------------------------
     0 | D:1      | troglodite the Draconian Conjurer began the quest for the
                  | Orb.
     0 | D:1      | Reached XP level 1. HP: 14/14 MP: 3/3
   361 | D:1      | Reached XP level 2. HP: 21/22 MP: 0/5
   492 | D:1      | Reached skill level 1 in Fighting
  1001 | D:2      | Reached XP level 3. HP: 28/28 MP: 3/6
  1007 | D:1      | Learned a level 2 spell: Searing Ray
  1317 | D:2      | Reached skill level 5 in Conjurations
  1440 | D:2      | Reached XP level 4. HP: 33/35 MP: 0/7
  2244 | D:3      | Found a runed translucent gate.
  2245 | D:3      | Found a runed translucent gate.
  2245 | D:3      | Noticed Aldia's ghost (amateur MfSk)
  2246 | D:3      | Found a runed translucent gate.
  2249 | D:3      | Noticed a big kobold
  2581 | D:4      | Noticed an ogre
  2602 | D:4      | Killed an ogre
  2602 | D:4      | Reached skill level 1 in Staves
  2602 | D:4      | Reached XP level 5. HP: 16/41 MP: 1/9
  2897 | D:4      | Learned a level 4 spell: Fulminant Prism
  2906 | D:4      | Noticed an ogre
  2913 | D:4      | Killed an ogre
  2913 | D:4      | Reached XP level 6. HP: 48/48 MP: 3/11
  3307 | D:4      | Found a staircase to the Ecumenical Temple.
  3493 | Temple   | Entered the Ecumenical Temple
  3751 | Temple   | Became a worshipper of Hepliaklqana the Forgotten
  3885 | D:4      | Found a shadowy altar of Dithmenos.
  3925 | D:4      | Reached skill level 1 in Hexes
  4296 | D:4      | Your scales start taking on a rich purple colour.
  4296 | D:4      | Reached XP level 7. HP: 31/50 MP: 14/14
  4434 | D:4      | Learned a level 4 spell: Iskenderun's Mystic Blast
  4439 | D:4      | Learned a level 4 spell: Force Lance
  4455 | D:4      | Reached skill level 5 in Spellcasting
  4703 | D:5      | Entered Level 5 of the Dungeon
  4899 | D:5      | Reached skill level 1 in Invocations
  4899 | D:5      | Reached skill level 1 in Evocations
  5050 | D:5      | Reached skill level 1 in Translocations
  5248 | D:5      | Reached XP level 8. HP: 56/56 MP: 15/16
  5657 | D:5      | Reached * piety under Hepliaklqana
  5728 | D:5      | Found an iron altar of Okawaru.
  5732 | D:5      | Found a sacrificial altar of Ru.
  6336 | D:6      | Noticed Pikel
  6704 | D:6      | Killed Pikel
  6937 | D:6      | Reached XP level 9. HP: 63/63 MP: 18/18
  7168 | D:6      | Found a stormy altar of Qazlal.
  7189 | D:6      | Noticed Eustachio
  7199 | D:6      | Killed Eustachio
  8357 | D:7      | Learned a level 5 spell: Fireball
  8388 | D:7      | Identified Yguekhle's Tome of Calling and Feathers
  8392 | D:7      | Learned a level 1 spell: Summon Small Mammal
  8808 | D:8      | Found Loanabet's Antique Weapon Shop.
  8831 | D:8      | Bought a blackened falchion for 168 gold pieces
  8841 | D:8      | Paralysed by a hornet for 1 turns
  8844 | D:8      | Slain by a hornet

Skill      XL: |  1  2  3  4  5  6  7  8  9 |
---------------+----------------------------+-----
Fighting       | 1 2 3 4 |  4.6
Stealth        | 2 3 |  3.3
Dodging        | 2 3 |  3.6
Conjurations   | 5 6 7 |  7.6
Staves         | 1 2 3 |  3.2
Spellcasting   | 3 4 5 6 7 |  7.2
Hexes          | 1 2 3 4 |  4.1
Invocations    | 1 2 3 |  3.5
Evocations     | 1 2 3 |  3.7
Translocations | 1 2 3 |  3.2
Summonings     | |  0.4
Fire Magic     | |  0.3

Action                   |  1- 3 |  4- 6 |  7- 9 || total
-------------------------+-------+-------+-------++-------
Melee: Unarmed           |    10 |       |       ||    10
       Tailslap          |     5 |     7 |     6 ||    18
       Short sword       |     3 |       |       ||     3
       Dagger            |    19 |       |       ||    19
       Staff             |    10 |    62 |    51 ||   123
 Cast: Magic Dart        |    54 |    82 |    73 ||   209
       Searing Ray       |       |    12 |    64 ||    76
Invok: Recall Ancestor   |       |       |     4 ||     4
  Use: Scroll            |       |       |     1 ||     1
       Potion            |       |       |     1 ||     1
 Stab: Sleeping          |       |     1 |       ||     1
       Distracted        |       |       |     1 ||     1
  Eat: Chunk             |     2 |    10 |    14 ||    26
Armor: Skin              |    15 |    28 |    68 ||   111
Dodge: Dodged            |    25 |    50 |   113 ||   188
